Cogmind - Beta 11 @@@ ROGUE MODE // 2022.04.18 @ 17:35:38 Player: Timm35 Result: Destroyed by Y-45 Defender with Heavy Assault Rifle Performance ------------- Evolutions (1) 500 Regions Visited (2) 400 Robots Destroyed (13) 65 Value Destroyed (263) 263 Prototype IDs (0) 0 Alien Tech Used (0) 0 Bonus (0) 0 TOTAL SCORE: 1228 Bonus ------- None Cogmind --------- Core Integrity 0/400 Matter 300/300 Energy 90/100 System Corruption 1% Temperature Cool (9) Movement Core (50) Location -9/Materials Parts ------- > --- POWER (1) -------- (None) > --- PROPULSION (4) --- (None) > --- UTILITY (2) ------ Terrain Scan Processor > --- WEAPON (2) ------- Mace > --- INVENTORY (5) ---- (None) Peak State ------------ > --- POWER ------------ Light Ion Engine > --- PROPULSION ------- Flight Unit Flight Unit Flight Unit > --- UTILITY ---------- Structural Scanner Terrain Scan Processor > --- WEAPON ----------- Medium Laser Light Assault Rifle > --- INVENTORY -------- Datajack Mining Laser Mace [Rating: 9] Favorites ----------- Power Light Ion Engine Engine Light Ion Engine Propulsion Flight Unit Leg Aluminum Leg Flight Unit Flight Unit Utility Structural Scanner Device Structural Scanner Processor Terrain Scan Processor Weapon Medium Laser Energy Gun Medium Laser Ballistic Gun Light Assault Rifle Special Weapon Mining Laser Impact Weapon Mace Special Melee Weapon Datajack Build | -11 -10 -9 ------- Run | Scr Mat Mat Slots Evolved 2 | . . 2 Power . | . . . Propulsion 2 | . . 2 Utility . | . . . Weapon . | . . . Parts Attached 16 | 4 5 7 Power 1 | 1 . . Engine 1 | 1 . . Core . | . . . Reactor . | . . . Propulsion 7 | 2 2 3 Treads . | . . . Leg 2 | 2 . . Wheel . | . . . Hover . | . . . Flight 5 | . 2 3 Utility 3 | . 2 1 Device 1 | . 1 . Storage . | . . . Processor 2 | . 1 1 Hackware . | . . . Protection . | . . . Artifact . | . . . Weapon 5 | 1 1 3 Energy Gun 1 | 1 . . Energy Cannon . | . . . Ballistic Gun 1 | . 1 . Ballistic Cannon . | . . . Launcher . | . . . Special Weapon 1 | . . 1 Impact Weapon 1 | . . 1 Slashing Weapon . | . . . Piercing Weapon . | . . . Special Melee Weapon 1 | . . 1 Unidentified Prototypes . | . . . Parts Lost 8 | . . 8 Power 1 | . . 1 Propulsion 4 | . . 4 Utility . | . . . Weapon 3 | . . 3 Highest Loss Streak 6 | . . 6 To Critical Strikes . | . . . Average Slot Usage (%) 72 | . 82 58 Engine 11 | . 14 7 Leg 5 | . 9 . Flight 17 | . 17 16 Device 9 | . 11 7 Processor 8 | . 6 11 Energy Gun 9 | . 14 3 Ballistic Gun 8 | . 8 9 Naked Turns . | . . . Heaviest Build 7 | 5 7 7 Greatest Support 20 | 20 20 12 Greatest Overweight (x) 1 | . . 1 Average Overweight (x) . | . . . Largest Inventory Capacity 5 | 5 5 5 Average Capacity 5 | 5 5 5 Most Carried 4 | 3 3 4 Average Carried 1 | . 1 2 Final Capacity 5 | 5 5 5 Final Carried 3 | . 3 . Class Distribution -------------------- 100% | Mutant Dominant Class ---------------- Mutant | -10/Materials Mutant | -9/Materials Resources | -11 -10 -9 ----------- Run | Scr Mat Mat Matter Collected 385 | 240 70 75 Remotely . | . . . Salvage Created 326 | . 127 199 Parts 23 | . 13 10 Haulers Intercepted . | . . . Recyclers Shooed . | . . . Parts Field Recycled . | . . . Retrieved Matter . | . . . Parts Self-Destructed . | . . . Prevented . | . . . Kills | -11 -10 -9 ------- Run | Scr Mat Mat Combat Hostiles Destroyed 13 | . 6 7 Melee 1 | . . 1 Guns 11 | . 6 5 Cannons 1 | . . 1 Classes Destroyed 2 | . 2 . Swarmer 8 | . 5 3 Grunt 5 | . 1 4 Best Kill Streak 4 | . 4 3 Combat Bots Only 4 | . 4 3 Max Kills in Single Turn 1 | . 1 1 Gunslinging . | . . . Exploded . | . . . Melee 1 | . . 1 Uniques/NPCs Destroyed . | . . . Combat | -11 -10 -9 -------- Run | Scr Mat Mat Damage Taken 916 | . 204 712 Core 486 | . 75 411 Absorbed by Shields . | . . . Regen/Repaired (Parts) 13 | . . 13 Core Remaining (%) 85 | 100 70 . Volleys Fired 64 | . 27 37 Largest 2 | . 2 2 Hottest 100 | . 70 100 Shots Fired 90 | . 47 43 Gun 88 | . 47 41 Cannon . | . . . Launcher . | . . . Special 2 | . . 2 Kinetic 55 | . 20 35 Thermal 35 | . 27 8 Explosive . | . . . Electromagnetic . | . . . Robot Hit Streak 10 | . 8 10 Robot Miss Streak 5 | . 5 4 Penetration Max . | . . . Secondary Targets . | . . . Shots Hit Robots 60 | . 23 37 Core Hits 22 | . 7 15 Critical Kills . | . . . Critical Parts Destroyed 1 | . . 1 Critical Strikes 2 | . 1 1 Burn 1 | . 1 . Smash 1 | . . 1 Melee Attacks 4 | . . 4 Impact 4 | . . 4 Slashing . | . . . Piercing . | . . . Sneak Attacks . | . . . Combat Hostiles . | . . . Follow-up Attacks . | . . . Damage Inflicted 647 | . 245 402 Guns 527 | . 245 282 Cannons . | . . . Explosions . | . . . Melee 72 | . . 72 Ramming . | . . . Kinetic 316 | . 84 232 Thermal 259 | . 161 98 Explosive . | . . . Electromagnetic . | . . . Impact 72 | . . 72 Slashing . | . . . Piercing . | . . . Highest Corruption 1 | . . 1 Average Corruption 1 | . . 1 Corruption Purged . | . . . Corruption Blocked . | . . . Effects 3 | . . 3 Message Errors 2 | . . 2 Parts Rejected 1 | . . 1 Overload Shots . | . . . Overflow Damage 31 | . . 31 Projectiles . | . . . Explosions . | . . . Melee 31 | . . 31 Knockbacks . | . . . Impact . | . . . Kinetic . | . . . Secondary . | . . . Self-Inflicted Damage . | . . . Shots . | . . . Rammed . | . . . Targets Rammed . | . . . Kicked . | . . . Crushed . | . . . Highest Temperature 162 | . 162 62 Average Temperature 51 | . 62 17 Received Heat Transfer 357 | . 30 327 Siege Activations . | . . . Robots Corrupted . | . . . Combat Hostiles . | . . . Parts Fried . | . . . Impact Corruptions 1 | . . 1 Robots Melted . | . . . Combat Hostiles . | . . . Parts Melted 3 | . 3 . Heat Transferred 803 | . 555 248 Parts Sabotaged . | . . . Parts Stolen . | . . . Parts Stripped . | . . . Power Chain Reactions . | . . . Missiles Intercepted . | . . . Alert | -11 -10 -9 ------- Run | Scr Mat Mat Peak Influence 295 | . 192 295 Initial 80 | . . 80 Average 118 | . 82 213 Maximum Alert Level 1 | . . 1 Low Security (%) 80 | 100 100 45 Level 1 19 | . . 54 Level 2 . | . . . Level 3 . | . . . Level 4 . | . . . Level 5 . | . . . High Security . | . . . Max Security . | . . . Squads Dispatched 2 | . 1 1 Investigation 2 | . 1 1 Extermination . | . . . Reinforcement . | . . . Assault . | . . . Garrison . | . . . Intercept . | . . . Searches Triggered . | . . . Construction Impeded . | . . . Haulers Reinforced . | . . . Active Scanning Responses . | . . . Cargo Convoy Interrupts . | . . . Stealth | -11 -10 -9 --------- Run | Scr Mat Mat Distress Signals 1 | . . 1 Communications Jammed . | . . . Distress Signals . | . . . Times Spotted 26 | . 10 16 Peak Tracking Total 8 | . 4 8 Tactical Retreats 2 | . 1 1 Traps | -11 -10 -9 ------- Run | Scr Mat Mat Traps Triggered . | . . . Indirectly . | . . . Trap Hack Attempts . | . . . Triggered . | . . . Disarmed . | . . . Reprogrammed . | . . . Reused . | . . . Traps Extracted . | . . . Installed . | . . . Triggered . | . . . Machines | -11 -10 -9 ---------- Run | Scr Mat Mat Machines Disabled . | . . . Max in Single Turn . | . . . Machines Sabotaged . | . . . Garrisons Compromised . | . . . Overloaded Fab Kills . | . . . Hacking | -11 -10 -9 --------- Run | Scr Mat Mat Machines Accessed 4 | . 3 1 Terminals 3 | . 3 . Fabricators . | . . . Repair Stations 1 | . . 1 Recycling Units . | . . . Scanalyzers . | . . . Garrison Access . | . . . Total Hacks 14 | . 10 4 Successful 8 | . 5 3 Failed 6 | . 5 1 Catastrophic 2 | . 2 . Database Lockouts . | . . . Manual . | . . . Terminals 10 | . 10 . Fabricators . | . . . Repair Stations 4 | . . 4 Recycling Units . | . . . Scanalyzers . | . . . Garrison Access . | . . . Terminal Hacks 5 | . 5 . Record 1 | . 1 . Robot Analysis 1 | . 1 . Emergency Access Points 1 | . 1 . Alert Level 1 | . 1 . Maintenance Status 1 | . 1 . Fabricator Hacks . | . . . Repair Station Hacks 3 | . . 3 Scan Component 2 | . . 2 Repair 1 | . . 1 Recycling Unit Hacks . | . . . Scanalyzer . | . . . Garrison Access Hacks . | . . . Unauthorized Hacks . | . . . Terminals . | . . . Fabricators . | . . . Repair Stations . | . . . Recycling Units . | . . . Scanalyzers . | . . . Garrison Access . | . . . Data Cores Recovered . | . . . Used . | . . . Hacking Detections 3 | . 2 1 Full Trace Events 3 | . 2 1 Feedback Events 1 | . . 1 Corruption 1 | . . 1 Feedback Blocked . | . . . Robot Schematics Acquired . | . . . Robots Built . | . . . Authchips . | . . . Time . | . . . Total Robot Build Rating . | . . . Part Schematics Acquired . | . . . Parts Built . | . . . Authchips . | . . . Time . | . . . Total Part Build Rating . | . . . Parts Repaired 1 | . . 1 Time 26 | . . 26 Parts Recycled . | . . . Recycled Matter . | . . . Retrieved Matter . | . . . Retrieved Components . | . . . Parts Scanalyzed . | . . . Part Schematics Acquired . | . . . Parts Damaged . | . . . Bothacking | -11 -10 -9 ------------ Run | Scr Mat Mat Used RIF Installer . | . . . Robots Hacked . | . . . Non-combat . | . . . Combat . | . . . Robot Hacks Applied . | . . . Relay Couplers Released . | . . . Fabnet Peak Effective % . | . . . Robots Rewired . | . . . Allies Hacked . | . . . Hacks Repelled . | . . . Allies | -11 -10 -9 -------- Run | Scr Mat Mat Total Allies . | . . . Largest Group . | . . . Highest-Rated Group . | . . . Highest-Rated Ally . | . . . Total Orders . | . . . Ally Attacks . | . . . Total Damage . | . . . Kills . | . . . Allies Corrupted . | . . . Allies Melted . | . . . Intel | -11 -10 -9 ------- Run | Scr Mat Mat Robot Analysis Total 1 | . 1 . Derelict Logs Recovered . | . . . Drone Launches . | . . . Drone Recoveries . | . . . Exploration | -11 -10 -9 ------------- Run | Scr Mat Mat Turns Passed 486 | 71 238 177 Spaces Moved 473 | 56 288 129 Core 12 | 7 . 5 Treads . | . . . Legs 106 | 49 57 . Wheels . | . . . Hover . | . . . Flight 355 | . 231 124 Fastest Speed 34 | 50 37 34 Average Speed 56 | 111 53 38 Slowest Speed 120 | 120 120 120 Overloaded Moves . | . . . Propulsion Burnouts . | . . . Robots Hopped 2 | . 2 . Cave-ins Triggered . | . . . Exploration Rate (%) 19 | 3 39 15 Regions Visited 2 Branch Regions . Pre-discovered Areas . | . . . Known Exits Taken . | . . . Unknown Exits Taken 2 | 1 1 . Scrap Searched . | . . . Spaces Dug . | . . . Terrain Destroyed . | . . . Melee . | . . . Projectile . | . . . AOE . | . . . Terrain Rammed . | . . . Walls Destroyed . | . . . Machines Disabled . | . . . Actions | -11 -10 -9 --------- Run | Scr Mat Mat Total 601 | 64 327 210 Wait 28 | 1 . 27 Move 467 | 55 283 129 Hop 2 | . 2 . Pick Up 16 | 4 8 4 Fast Attach . | . . . Attach 16 | 4 5 7 Detach . | . . . Swap . | . . . Drop 4 | . 2 2 Fire 64 | . 27 37 Melee 4 | . . 4 Ram . | . . . Kick . | . . . Crush . | . . . Escape Stasis . | . . . Rewire . | . . . Trap . | . . . Miscellaneous . | . . . Route ------- -11/Scrapyard -10/Materials -9/Materials History --------- Turn | Location | Event 22 | -11/Scrapyard | Discovered new exit (range 15) 72 | -11/Scrapyard | Entered Materials 296 | -10/Materials | Discovered new exit (range 10) 310 | -10/Materials | Entered another Materials area 310 | -9/Materials | Evolved 2 slots: Propulsion x2 350 | -9/Materials | Build established: Mutant 354 | -9/Materials | Repaired Flight Unit 475 | -9/Materials | Core integrity fell below 50% 483 | -9/Materials | Core integrity fell below 20% 487 | -9/Materials | Destroyed by Y-45 Defender with Heavy Assault Rifle Last Messages --------------- 00423_ Lgt. Ion Engine destroyed. 00429_ Flight Unit destroyed. 00433_ R-06 Scavenger collects Heat Sink. 00434_ System corrupted: Structural Scanner rejected. 00445_ G-47 Trooper destroyed. 00445_ R-06 Scavenger collects Particle Gun. 00455_ Lgt. Assault Rifle destroyed. 00458_ G-34 Mercenary destroyed. 00461_ Datajack destroyed. 00467_ Acquired 45 matter. 00468_ K-01 Serf collects debris. 00469_ Flight Unit destroyed. 00469_ R-06 Scavenger collects Structural Scanner. 00474_ Mining Laser destroyed. 00479_ G-34 Mercenary suffers critical hit (Smash). 00479_ Destroyed Sml. Laser. 00479_ G-34 Mercenary system corrupted by crushing effect. 00480_ K-01 Serf collects debris. 00482_ G-34 Mercenary destroyed. 00483_ K-01 Serf collects debris. Map ----- +----------------------------------------------------+ | | | | | ?????????????????????????????????????????????????? | | ?????????????????????????????????????????????????? | | ?????????????????????????????????????????????????? | | ?????????????????????????????????????????????????? | | ?????????????????????????????????????????????????? | | ?????????????????????????????????????????????????? | | ?????????????????????????????????????????????????? | | ?????????????????????????????????????????????????? | | ?????????????????????????????????????????????????? | | ?????????????????????????????????????????????????? | | ?????????????????????????????????????????????????? | | ?????????????????????????????????????????????????? | | ?????????????????#######?????????????????????????? | | ?????????????????#######?????????????????????????? | | ?????????????????## ###########????????????????? | | ?????????????????## ###########????????????????? | | ################ # ##????????????????? | | ################### # ##????????????????? | | # ##????????????????? | | # """ ##????????????????? | | # """ ##????????????????? | | #############+##### # """ ##????????????????? | | ## # # #Y """ ##????????????????? | | ## # """ """ # #YY@ """ ##????????????????? | | # !!! # """ """ + rrkgr ##????????????????? | | / !!! # """ """ # r###########????????????????? | | # ! * + #g ###########????????????????? | | # # # ??????????? | | ## # # ??????????? | | ## # # ??????????? | | #####+#######+##### ###########/## ???????????? | | ##### ####### ##### #### ##????????????? | | ?? # ????????? ##?????????????????????????? | | ?? + ????????? ##?????????????????????????? | | ?? # ?????? ##?????????????????????????? | | ?? # ??????###########?????????????????????????? | | ?? # ????? ########?????????????????????????? | | ?? # ?????????????????????????????????????????? | | ?? + ?????????????????????????????????????????? | | ???? ##???????????????????????????????????????? | | ????? ##???????????????????????????????????????? | | ????? ##???????????????????????????????????????? | | ????? #???????????????????????????????????????? | | ?????T" ????????????????????????????????????????? | | ??????? ?????????????????????????????????????????? | | ?????????????????????????????????????????????????? | | ?????????????????????????????????????????????????? | | ?????????????????????????????????????????????????? | +----------------------------------------------------+ Best States ------------- Heat Dissipation 28 Energy Generation 10 Energy Capacity 125 Matter Stores 300 Matter Capacity 300 Sight Range 16 Terrain Scan Density 85 Evasion (%) 63 Targeting Accuracy 5 Item Schematics ----------------- None Robot Schematics ------------------ None Fabricated ------------ Nothing Alien Tech Used ----------------- None Achievements -------------- None Challenges ------------ None Game ------ Seed AlloySwarmDoublenader Manual? 0 Play Time 00:14:44 Cumulative 5.0 hours Start 2022.04.18 @ 17:20:23 End 2022.04.18 @ 17:35:38 Sessions 1 Manual Loads 0 Difficulty Rogue Special Mode None Game No. 12 Rogue 12 Adventurer 0 Explorer 0 Win Type - Total 0 Types 0/0/0/0/0/0/0/0/0 Lore% 3 Gallery% 8 Achievement% 7 Wizard Run 0 Options --------- ASCII 0 Keyboard 0 Movement Mouse Keybinds 0 Fullscreen 1 Font 18/X11Bold Map View 76x50 Tactical HUD 1 Map Filters NONE Filters NONE Steam 1 RUN: fae95dd5-aefd-42e3-b088-d79e684f006d